[Event "January 9 Early 2024"]
[Site "https://www.chess.com"]
[Date "2024.01.11"]
[Round "5"]
[White "Nord, Alexander"]
[Black "Sakun, Volodymyr"]
[Result "1/2-1/2"]
[Board "203"]
[TimeControl "180+1"]
[WhiteFideId "1738135"]
[BlackFideId "14114062"]
[WhiteElo "2341"]
[BlackElo "2609"]
[WhiteTeam "SWE"]
[BlackTeam "UKR"]
[WhiteClock "0:00:11"]
[BlackClock "0:00:14"]

1. d4 d5 2. c4 e6 3. Nc3 Nf6 4. cxd5 exd5 5. Bg5 Be7 6. e3 c6 7. Bd3 Nbd7 8. Nf3 h6 9. Bh4 O-O 10. O-O Re8 11. Qc2 Ne4 12. Bxe7 Qxe7 13. Nd2 Ndf6 14. Rae1 Bf5 15. f3 Nxd2 16. Qxd2 Bxd3 17. Qxd3 Qb4 18. Re2 Rad8 19. a3 Qa5 20. g4 c5 21. dxc5 Qxc5 22. Nb5 Qc4 23. Rd1 Qxd3 24. Rxd3 a6 25. Nc3 Rd7 26. Red2 Rde7 27. Kf2 g5 28. Re2 Re5 29. Rd4 Kg7 30. Rb4 R8e7 31. Rd4 Kg6 32. Rd3 h5 33. h3 hxg4 34. hxg4 b5 35. Red2 R7e6 36. Na2 Kg7 37. Nb4 Kg6 38. Nxd5 Nxd5 39. Rxd5 Rxe3 40. Rd6 Re5 41. Rxe6+ Rxe6 42. Rd3 f5 43. gxf5+ Kxf5 44. Kg3 Re1 45. b4 Rg1+ 46. Kf2 Ra1 47. Kg3 Rg1+ 48. Kf2 Ra1 49. Kg3 Rg1+ 1/2-1/2

[Event "January 9 Early 2024"]
[Site "https://www.chess.com"]
[Date "2024.01.11"]
[Round "5"]
[White "Filali, Razzouki Marouane"]
[Black "Goltseva, Ekaterina"]
[Result "0-1"]
[Board "204"]
[TimeControl "180+1"]
[WhiteFideId "9003720"]
[BlackFideId "24173770"]
[WhiteElo "2427"]
[BlackElo "2601"]
[WhiteTeam "MAR"]
[BlackTeam "RUS"]
[WhiteClock "0:00:03"]
[BlackClock "0:00:09"]

1. e4 c5 2. Nf3 Nf6 3. Nc3 d5 4. exd5 Nxd5 5. Bc4 Nxc3 6. bxc3 e6 7. O-O Nc6 8. d4 Be7 9. Be3 cxd4 10. cxd4 O-O 11. Rb1 b6 12. a4 Na5 13. Ba2 Ba6 14. Re1 Rc8 15. Ne5 Nc4 16. Bxc4 Bxc4 17. Qd2 Qd5 18. h3 Ba6 19. Nd3 Bb7 20. Nf4 Qd7 21. a5 b5 22. Qe2 a6 23. Qg4 f5 24. Qg3 Bd6 25. Re2 Be4 26. Rc1 Qc7 27. f3 Bb7 28. Qh4 Qc4 29. Rce1 Bb4 30. Nxe6 Qxe6 31. Bd2 Qc4 32. Bxb4 Qxb4 33. Re7 Bd5 34. Qg5 Bf7 35. Qxf5 Qxd4+ 36. Kh1 Rcd8 37. Rc7 Bc4 38. Qg5 Qf6 39. Qg3 Rf7 40. Rxf7 Bxf7 41. Re4 h6 42. Kh2 Qd6 43. Rf4 Rc8 0-1

[Event "January 9 Early 2024"]
[Site "https://www.chess.com"]
[Date "2024.01.11"]
[Round "5"]
[White "Gruzman, Ilya"]
[Black "Sielecki, Christof"]
[Result "1-0"]
[Board "205"]
[TimeControl "180+1"]
[WhiteFideId "2812703"]
[BlackFideId "4620437"]
[WhiteElo "2431"]
[BlackElo "2570"]
[WhiteTeam "ISR"]
[BlackTeam "GER"]
[WhiteClock "0:00:02"]
[BlackClock "0:00:01"]

1. d4 d5 2. c4 e6 3. Nc3 c5 4. cxd5 exd5 5. Nf3 Nc6 6. g3 Nf6 7. Bg2 Be7 8. O-O O-O 9. Bg5 c4 10. Ne5 Be6 11. Qd2 h6 12. Bf4 a6 13. a4 Na5 14. Rad1 Nb3 15. Qc2 Qb6 16. e4 Nxd4 17. Rxd4 Qxd4 18. exd5 Bc8 19. Rd1 Qc5 20. Ne4 Nxe4 21. Bxe4 Bd6 22. Be3 Qb4 23. Nxc4 Bg4 24. Rd4 Qe1+ 25. Kg2 Be2 26. Qc1 Qxc1 27. Bxc1 Bxc4 28. Rxc4 Rfc8 29. Rxc8+ Rxc8 30. Bd2 Rc4 31. Bf3 Rxa4 32. Bc3 b5 33. Bd1 Ra1 34. Bb3 a5 35. f4 a4 36. Bc2 b4 37. Be5 Bxe5 38. fxe5 Ra2 39. d6 Rxb2 40. Kf3 Rxc2 41. Ke3 1-0

[Event "January 9 Early 2024"]
[Site "https://www.chess.com"]
[Date "2024.01.11"]
[Round "5"]
[White "Hercegovac, Neven"]
[Black "Gokerkan, Cem Kaan"]
[Result "0-1"]
[Board "206"]
[TimeControl "180+1"]
[WhiteFideId "2839135"]
[BlackFideId "6336760"]
[WhiteElo "2342"]
[BlackElo "2808"]
[WhiteTeam "ITA"]
[BlackTeam "TUR"]
[WhiteClock "0:00:12"]
[BlackClock "0:00:17"]

1. d4 a5 2. e4 d6 3. Nc3 Nf6 4. Nf3 c6 5. a4 Qc7 6. Bc4 h6 7. O-O e5 8. h3 Be7 9. Re1 O-O 10. Be3 Nbd7 11. Ba2 Re8 12. Qd2 Bf8 13. Nh4 exd4 14. Bxd4 Qd8 15. Ng6 Nc5 16. Bxc5 dxc5 17. Qxd8 Rxd8 18. Rad1 Be6 19. Bxe6 fxe6 20. Nxf8 Kxf8 21. f3 Ke7 22. Kf2 Nd7 23. f4 g5 24. g3 Rg8 25. Rd3 gxf4 26. gxf4 Raf8 27. Red1 Ne5 28. Rg3 Rxf4+ 29. Ke3 Rff8 30. Rxg8 Rxg8 31. b3 Rg3+ 32. Kf4 Rxc3 33. Kxe5 Rxc2 34. Rd6 c4 35. Rxe6+ Kd7 36. bxc4 Rxc4 37. Rxh6 Rxa4 38. Rh7+ Kc8 39. Kd6 Rd4+ 40. Ke5 Rd1 41. Ke6 a4 42. e5 a3 43. Rh4 a2 44. Ra4 a1=Q 45. Rxa1 Rxa1 46. Kf7 Rh1 47. e6 Rxh3 48. e7 Rh7+ 49. Kf8 Rxe7 50. Kxe7 c5 51. Kd6 c4 52. Kc5 c3 0-1

[Event "January 9 Early 2024"]
[Site "https://www.chess.com"]
[Date "2024.01.11"]
[Round "5"]
[White "Makarian, Rudik"]
[Black "Bjerre, Jonas Buhl"]
[Result "1/2-1/2"]
[Board "207"]
[TimeControl "180+1"]
[WhiteFideId "44105681"]
[BlackFideId "1444948"]
[WhiteElo "3090"]
[BlackElo "2967"]
[WhiteTeam "FID"]
[BlackTeam "DEN"]
[WhiteClock "0:00:15"]
[BlackClock "0:00:15"]

1. d4 Nf6 2. c4 e6 3. Nf3 d5 4. g3 Be7 5. Bg2 O-O 6. O-O c6 7. Qc2 b6 8. Bf4 Nbd7 9. Nbd2 Bb7 10. e4 dxe4 11. Nxe4 Nxe4 12. Qxe4 Nf6 13. Qe2 c5 14. Rad1 cxd4 15. Rxd4 Qc8 16. Ne5 Bc5 17. Rd3 Bxg2 18. Kxg2 Qb7+ 19. Qf3 Qxf3+ 20. Kxf3 Rfc8 21. g4 h6 22. h4 a5 23. a4 Ra7 24. b3 Ne8 25. Rfd1 f6 26. Nd7 e5 27. Be3 Bxe3 28. Kxe3 Kf7 29. Nxb6 Rb8 30. Nd5 Rab7 31. c5 Rxb3 32. Nb6 Rxd3+ 33. Rxd3 Ke6 34. f4 g6 35. h5 exf4+ 36. Kxf4 gxh5 37. gxh5 Rb7 38. Re3+ Kf7 39. Rc3 Ng7 40. Ke4 Ke6 41. c6 Rc7 42. Nd5 Rc8 43. Kd4 Kd6 44. Nxf6 Rxc6 45. Ne4+ Kd7 46. Nc5+ Kd6 47. Ne4+ Kd7 48. Nc5+ Kd6 49. Nb7+ Kc7 50. Rxc6+ Kxc6 51. Nxa5+ Kb6 52. Nc4+ Ka6 53. Ne5 Nxh5 54. Ng4 Nf4 55. Nxh6 Ka5 56. Nf5 Kxa4 1/2-1/2

[Event "January 9 Early 2024"]
[Site "https://www.chess.com"]
[Date "2024.01.11"]
[Round "5"]
[White "Martin Fuentes, Alberto"]
[Black "Zheenbekov, Nurgazy"]
[Result "1-0"]
[Board "208"]
[TimeControl "180+1"]
[WhiteFideId "2292289"]
[BlackFideId "13800485"]
[WhiteElo "2625"]
[BlackElo "2442"]
[WhiteTeam "ESP"]
[BlackTeam "KGZ"]
[WhiteClock "0:00:45"]
[BlackClock "0:00:15"]

1. e4 c6 2. Nc3 d5 3. g3 dxe4 4. Nxe4 Nf6 5. Bg2 Nxe4 6. Bxe4 Nd7 7. Ne2 Nf6 8. Bg2 e5 9. O-O Bd6 10. d4 exd4 11. Nxd4 O-O 12. c3 Bg4 13. Qc2 Qc8 14. Bg5 Nd5 15. a3 h6 16. Bd2 Bh3 17. Rae1 Bxg2 18. Kxg2 Re8 19. Nf5 Bf8 20. c4 Ne7 21. Nd6 Qd7 22. Nxe8 Rxe8 23. Bc3 Rc8 24. Rd1 Qc7 25. Rfe1 c5 26. Qe4 Nc6 27. b3 a5 28. a4 Qb6 29. Qc2 Nd4 30. Bxd4 cxd4 31. Qf5 Rd8 32. Rd3 Bb4 33. Re5 Bc3 34. Rd5 Re8 35. Rd7 Rf8 36. Rf3 Qc6 37. Rxf7 Qxf3+ 38. Qxf3 Rxf7 39. Qd5 g6 40. f4 Kg7 41. Kf3 Re7 42. h4 h5 43. Kg2 Kf8 44. f5 gxf5 45. Qxf5+ Ke8 46. Qxh5+ Kd8 47. Qh8+ Kc7 48. h5 Rd7 49. h6 d3 50. Qxc3 d2 51. Qe5+ Kc8 52. Qe8+ Kc7 53. Qe5+ Kb6 54. Qb5+ Kc7 55. h7 Rxh7 56. Qxa5+ 1-0

[Event "January 9 Early 2024"]
[Site "https://www.chess.com"]
[Date "2024.01.11"]
[Round "5"]
[White "Fernandez Siles, Luis"]
[Black "Herman, Daniel"]
[Result "0-1"]
[Board "209"]
[TimeControl "180+1"]
[WhiteFideId "2209420"]
[BlackFideId "30935008"]
[WhiteElo "2282"]
[BlackElo "2432"]
[WhiteTeam "ESP"]
[BlackTeam "USA"]
[WhiteClock "0:00:01"]
[BlackClock "0:00:10"]

1. e4 Nf6 2. Nc3 d5 3. e5 Ne4 4. Nce2 Nc6 5. d4 h6 6. f3 Ng5 7. h4 Nh7 8. Be3 h5 9. Nh3 Bf5 10. c3 e6 11. Nf2 Be7 12. g4 hxg4 13. fxg4 Be4 14. Nxe4 dxe4 15. h5 Ng5 16. Bg2 Nf3+ 17. Kf2 Bh4+ 18. Ng3 Qe7 19. Qc2 Bxg3+ 20. Kxg3 Ng5 21. Bxe4 Nxe4+ 22. Qxe4 O-O-O 23. g5 Rdg8 24. Raf1 Qd7 25. Kf2 Ne7 26. Ke1 Nf5 27. Kd2 Ng3 28. Qg4 Nxh1 29. Rxh1 Qd5 30. Rf1 Qxa2 31. Kc2 Qa4+ 32. Kd2 Qd7 33. Qf3 a6 34. Qxf7 Qxf7 35. Rxf7 Rxh5 36. Kd3 Rh2 37. b4 b6 38. Re7 a5 39. bxa5 bxa5 40. Rxe6 Kb7 41. d5 a4 42. d6 cxd6 43. exd6 a3 44. Re7+ Kc6 45. Ra7 a2 46. Bf4 Rh3+ 47. Kc4 Rh4 48. Ra6+ Kd7 0-1

[Event "January 9 Early 2024"]
[Site "https://www.chess.com"]
[Date "2024.01.11"]
[Round "5"]
[White "Gavrilov, Maxim"]
[Black "Souleidis, Georgios"]
[Result "0-1"]
[Board "210"]
[TimeControl "180+1"]
[WhiteFideId "24271454"]
[BlackFideId "4206827"]
[WhiteElo "2447"]
[BlackElo "2638"]
[WhiteTeam "RUS"]
[BlackTeam "GRE"]
[WhiteClock "0:00:09"]
[BlackClock "0:00:27"]

1. d4 Nf6 2. c4 g6 3. Nf3 Bg7 4. g3 O-O 5. Bg2 d6 6. O-O Nc6 7. Nc3 e5 8. dxe5 Nxe5 9. Nxe5 dxe5 10. Bg5 Qxd1 11. Rfxd1 c6 12. Bxf6 Bxf6 13. Ne4 Be7 14. Nd6 Rd8 15. c5 Bxd6 16. cxd6 Be6 17. b4 Rd7 18. Rd2 Rad8 19. Rad1 f5 20. e4 fxe4 21. Bxe4 Kg7 22. f3 Bd5 23. b5 Bxe4 24. fxe4 cxb5 25. Rd5 Kf6 26. Rxb5 Ke6 27. Rdd5 Rxd6 28. Rxb7 Rxd5 29. exd5+ Rxd5 30. Rxa7 h5 31. Kg2 Rd2+ 32. Kf3 Rxh2 33. a4 Ra2 34. a5 Kf5 35. Rf7+ Kg5 36. Ra7 Ra3+ 37. Kf2 Kg4 38. a6 Rf3+ 39. Ke2 Rxg3 40. Rg7 g5 41. a7 Ra3 42. Re7 h4 43. Kf2 Ra2+ 44. Kg1 Kg3 45. Kf1 Ra1+ 46. Ke2 h3 47. Rxe5 g4 48. Re3+ Kg2 49. Re4 g3 50. Ra4 Rxa4 51. a8=Q+ Rxa8 52. Ke3 Rf8 53. Ke4 Rf3 54. Ke5 h2 55. Ke6 h1=Q 56. Ke7 Qe1+ 57. Kd6 Rd3+ 58. Kc7 Qc1+ 59. Kb6 Rb3+ 60. Ka7 Qa3# 0-1

[Event "January 9 Early 2024"]
[Site "https://www.chess.com"]
[Date "2024.01.11"]
[Round "5"]
[White "Pakleza, Zbigniew"]
[Black "Duda, Jan-Krzysztof"]
[Result "0-1"]
[Board "211"]
[TimeControl "180+1"]
[WhiteFideId "1119290"]
[BlackFideId "1170546"]
[WhiteElo "2869"]
[BlackElo "3053"]
[WhiteTeam "POL"]
[BlackTeam "POL"]
[WhiteClock "0:00:02"]
[BlackClock "0:00:12"]

1. d4 c5 2. c3 Nf6 3. Nf3 g6 4. Bf4 Bg7 5. e3 O-O 6. Be2 b6 7. O-O Bb7 8. h3 d6 9. a4 a6 10. Nbd2 Nbd7 11. Bh2 Ne4 12. Nxe4 Bxe4 13. Nd2 Bc6 14. Bf3 Qc8 15. Bxc6 Qxc6 16. Qf3 Qxf3 17. Nxf3 f5 18. Rfd1 Rfb8 19. Kf1 b5 20. axb5 Rxb5 21. Ra2 a5 22. Nd2 Rc8 23. Ke2 Nb6 24. Kd3 a4 25. f3 cxd4 26. exd4 Bh6 27. Bg1 Bxd2 28. Rxd2 f4 29. Re2 Kf7 30. Bf2 g5 31. Be1 Nc4 32. g3 e5 33. gxf4 exf4 34. h4 h6 35. Bf2 d5 36. Kc2 Kf6 37. Kc1 Ra5 38. Kc2 Rb8 39. Re1 Rab5 40. Rb1 Rb3 41. hxg5+ hxg5 42. Kd3 Nxb2+ 43. Ke2 Nc4 44. Rba1 a3 45. Kf1 Rxc3 46. Kg2 Rbb3 47. Rh1 Rxf3 48. Re2 Kf5 49. Re8 Kg4 50. Reh8 Rb2 0-1

[Event "January 9 Early 2024"]
[Site "https://www.chess.com"]
[Date "2024.01.11"]
[Round "5"]
[White "Laddha, Shubh Jayesh"]
[Black "Zou, Chen"]
[Result "0-1"]
[Board "212"]
[TimeControl "180+1"]
[WhiteFideId "30942799"]
[BlackFideId "8610959"]
[WhiteElo "2567"]
[BlackElo "2799"]
[WhiteTeam "USA"]
[BlackTeam "CHN"]
[WhiteClock "0:00:09"]
[BlackClock "0:00:11"]

1. d4 Nf6 2. Nc3 g6 3. e4 d6 4. f4 Bg7 5. Nf3 a6 6. e5 Nfd7 7. Bc4 e6 8. Bd3 b5 9. a4 b4 10. Ne4 d5 11. Neg5 c5 12. c3 Nc6 13. O-O c4 14. Bc2 b3 15. Bb1 Nb6 16. g4 h6 17. Nh3 h5 18. g5 a5 19. Nh4 Ne7 20. Be3 Bd7 21. Qf3 Qc7 22. f5 exf5 23. Nf4 Be6 24. Kh1 Qc6 25. Rf2 Nxa4 26. Nhxg6 Nxg6 27. Nxh5 Rxh5 28. Qxh5 Ne7 29. Qh7 Bf8 30. g6 fxg6 31. Bg5 Ra7 32. Bf6 Nb6 33. Qh8 a4 34. Bg7 Nd7 35. Rg2 Bf7 36. Bxf8 Nxf8 37. h4 Ng8 38. h5 gxh5 39. Rxg8 Bxg8 40. Qxg8 Qg6 41. Qxd5 Rg7 42. Qa8+ Kf7 43. Qd5+ Ne6 44. Qb7+ Kg8 45. Qa8+ Kh7 46. Bxf5 Qxf5 47. Qd5 Qh3# 0-1

[Event "January 9 Early 2024"]
[Site "https://www.chess.com"]
[Date "2024.01.11"]
[Round "5"]
[White "Aradhya, Garg"]
[Black "Benedetti, Julio"]
[Result "1-0"]
[Board "213"]
[TimeControl "180+1"]
[WhiteFideId "25006746"]
[BlackFideId "172545"]
[WhiteElo "2718"]
[BlackElo "2503"]
[WhiteTeam "IND"]
[BlackTeam "ARG"]
[WhiteClock "0:00:18"]
[BlackClock "0:00:03"]

1. d4 Nf6 2. Nf3 g6 3. g3 Bg7 4. Bg2 O-O 5. O-O d6 6. c4 c6 7. Nc3 Qb6 8. c5 dxc5 9. Na4 Qd8 10. Nxc5 Nbd7 11. Qb3 Nxc5 12. dxc5 Qd5 13. Be3 Qxb3 14. axb3 Be6 15. Ra3 Rfd8 16. Nd4 Bd5 17. f3 e5 18. Nc2 Be6 19. Rfa1 a6 20. Kf1 Rd7 21. Ke1 Rad8 22. Nb4 h5 23. Nd3 Nd5 24. Bd2 Nc7 25. b4 Nb5 26. Ra4 Bb3 27. Ra5 Nd4 28. Rc1 f5 29. Bc3 Nxe2 30. Kxe2 Rxd3 31. b5 axb5 32. Ra7 e4 33. fxe4 Bxc3 34. Rxc3 Rd2+ 35. Ke1 Rd1+ 36. Kf2 R8d2+ 37. Ke3 Bc4 38. Bf3 Rxb2 39. Bxd1 fxe4 40. h4 Rg2 41. Kxe4 Bd5+ 42. Ke5 b4 43. Rd3 b3 44. Bxb3 Re2+ 45. Kf6 Re6+ 46. Kg5 1-0

[Event "January 9 Early 2024"]
[Site "https://www.chess.com"]
[Date "2024.01.11"]
[Round "5"]
[White "Hartikainen, Jarmo"]
[Black "Babayeva, Nasrin"]
[Result "1/2-1/2"]
[Board "214"]
[TimeControl "180+1"]
[WhiteFideId "503134"]
[BlackFideId "13416626"]
[WhiteElo "2157"]
[BlackElo "1832"]
[WhiteTeam "FIN"]
[BlackTeam "AZE"]
[WhiteClock "0:00:05"]
[BlackClock "0:00:27"]

1. e4 Nc6 2. Nf3 d6 3. b3 Nf6 4. d3 Bg4 5. Bb2 e6 6. Be2 Be7 7. Nbd2 O-O 8. h3 Bh5 9. d4 Bg6 10. Bd3 Nb4 11. O-O Nxd3 12. cxd3 d5 13. Re1 Re8 14. Qe2 c5 15. Rac1 cxd4 16. Nxd4 dxe4 17. dxe4 Bb4 18. f3 e5 19. Nb5 Qxd2 20. Nc7 Rec8 21. Qxd2 Bxd2 22. Nxa8 Rxc1 23. Rxc1 Bxc1 24. Bxc1 Ne8 25. Be3 b6 26. a4 f6 27. a5 bxa5 28. Bxa7 Bf7 29. Bb6 Bxb3 30. Bxa5 Kf8 31. Nc7 Ke7 32. Nxe8 Kxe8 33. Bb4 Bc2 34. Kf2 Bb3 35. Ke3 Kd7 36. Kd3 Ba4 37. Ke3 Bb5 38. g3 g6 39. h4 Ke6 40. Ba3 Bc6 41. Bb2 f5 42. exf5+ gxf5 43. Bc3 e4 44. fxe4 Bxe4 45. Kf4 Kf7 46. Kg5 Kg8 47. Be5 Bc2 48. Bf4 Bb1 49. Kh6 Bd3 50. Kg5 Be4 51. Kf6 Bd3 52. Bd6 Bc2 53. Be5 Bb1 54. Bd6 Bc2 55. Be5 Bd3 56. Bd6 Bc2 1/2-1/2

[Event "January 9 Early 2024"]
[Site "https://www.chess.com"]
[Date "2024.01.11"]
[Round "5"]
[White "Vlassov, Nikolai"]
[Black "Alekseenko, Kirill"]
[Result "0-1"]
[Board "215"]
[TimeControl "180+1"]
[WhiteFideId "4103360"]
[BlackFideId "4135539"]
[WhiteElo "2647"]
[BlackElo "2929"]
[WhiteTeam "FID"]
[BlackTeam "AUT"]
[WhiteClock "0:00:05"]
[BlackClock "0:00:05"]

1. e4 e5 2. Bc4 Nc6 3. f4 Nf6 4. Nc3 exf4 5. d4 Bb4 6. Ne2 d5 7. exd5 Nxd5 8. O-O Bxc3 9. Nxc3 Nce7 10. Bxf4 Nxf4 11. Rxf4 O-O 12. Qh5 Ng6 13. Re4 Be6 14. Bxe6 fxe6 15. Rae1 Qf6 16. h3 Rad8 17. Nb5 Qf2+ 18. Kh2 Qxc2 19. Rxe6 Nf4 20. Qg4 Nxe6 21. Rxe6 Qf5 22. Nxc7 Qxg4 23. hxg4 Rxd4 24. Re7 Rfd8 25. Nb5 R4d7 26. Rxd7 Rxd7 27. Nxa7 Rd2 28. Nb5 Rxb2 29. Nd6 Kf8 30. Kg3 Ke7 31. Nf5+ Kf6 32. Nd6 g6 33. a4 Rb3+ 34. Kh4 Rb4 35. a5 h5 36. Kh3 hxg4+ 37. Kh4 Ke6 38. Ne8 Ra4 39. Kg5 Rxa5+ 40. Kxg6 Ra2 41. g3 Ra3 42. Kg5 Rxg3 43. Ng7+ Kd5 44. Kf4 Rg1 45. Nh5 b5 46. Nf6+ Kc4 47. Nxg4 Rxg4+ 0-1

[Event "January 9 Early 2024"]
[Site "https://www.chess.com"]
[Date "2024.01.11"]
[Round "5"]
[White "Sahin, Sarp"]
[Black "Kantans, Toms"]
[Result "0-1"]
[Board "216"]
[TimeControl "180+1"]
[WhiteFideId "51605066"]
[BlackFideId "11602945"]
[WhiteElo "2440"]
[BlackElo "2627"]
[WhiteTeam "TUR"]
[BlackTeam "LAT"]
[WhiteClock "0:00:02"]
[BlackClock "0:00:11"]

1. d4 Nf6 2. Bf4 g6 3. Nf3 Bg7 4. e3 d6 5. h3 b6 6. Be2 Bb7 7. O-O O-O 8. c4 Nbd7 9. Nc3 Ne4 10. Nxe4 Bxe4 11. Nd2 Bb7 12. Bf3 Bxf3 13. Nxf3 e5 14. Bh2 Qe7 15. Re1 a5 16. Rc1 Rae8 17. a3 f5 18. b4 axb4 19. axb4 e4 20. Nd2 g5 21. Qb3 Qf7 22. c5 Qxb3 23. Nxb3 f4 24. cxd6 cxd6 25. Rc7 Re7 26. Rec1 d5 27. R1c6 Ref7 28. Rd6 fxe3 29. f4 Nf6 30. Rxf7 Rxf7 31. fxg5 Ng4 32. Nc1 Nxh2 33. Kxh2 Bxd4 34. Kh1 Rf1+ 35. Kh2 Rxc1 36. Rd8+ Kf7 37. Rxd5 e2 38. Rxd4 e1=Q 39. Rd7+ Ke6 40. Rd8 Qg1+ 41. Kg3 Rc3+ 42. Kf4 Qxg2 43. Re8+ Kd7 44. Rf8 Rf3+ 45. Ke5 Rxf8 46. g6 Qxg6 47. Kd5 Qd6+ 48. Kc4 Rf4 49. Kb3 e3 50. Ka4 Qxb4# 0-1

[Event "January 9 Early 2024"]
[Site "https://www.chess.com"]
[Date "2024.01.11"]
[Round "5"]
[White "Matveeva, Olga"]
[Black "Kokoszczynski, Jan"]
[Result "0-1"]
[Board "217"]
[TimeControl "180+1"]
[WhiteFideId "24107018"]
[BlackFideId "1174460"]
[WhiteElo "2401"]
[BlackElo "2575"]
[WhiteTeam "RUS"]
[BlackTeam "POL"]
[WhiteClock "0:00:02"]
[BlackClock "0:00:11"]

1. d4 Nf6 2. c4 e6 3. g3 d5 4. Nf3 Bb4+ 5. Bd2 a5 6. Bg2 O-O 7. O-O c5 8. cxd5 exd5 9. dxc5 Bxc5 10. Bg5 Be6 11. Nc3 Nc6 12. Nb5 h6 13. Bxf6 Qxf6 14. Rc1 Bb6 15. b3 Rfd8 16. e3 Bg4 17. h3 Bh5 18. g4 Bg6 19. Nfd4 Nxd4 20. Nxd4 Be4 21. Qd2 Bxd4 22. Qxd4 Qxd4 23. exd4 Rac8 24. f3 Bg6 25. Kf2 Kf8 26. Ke3 Ke7 27. Kd2 Kd6 28. a3 h5 29. f4 hxg4 30. hxg4 Be4 31. Bxe4 dxe4 32. Ke3 Kd5 33. Rh1 g6 34. f5 gxf5 35. gxf5 Rg8 36. Rxc8 Rxc8 37. Rh7 Rc3+ 38. Kf4 Rxb3 39. Rxf7 Rf3+ 40. Kg4 Rxa3 41. Rxb7 Kxd4 42. f6 Ra1 43. f7 Rf1 44. Ra7 e3 0-1

[Event "January 9 Early 2024"]
[Site "https://www.chess.com"]
[Date "2024.01.11"]
[Round "5"]
[White "Kraiouchkine, Nikita"]
[Black "Kubicka, Anna"]
[Result "1-0"]
[Board "218"]
[TimeControl "180+1"]
[WhiteFideId "2607140"]
[BlackFideId "1152254"]
[WhiteElo "2633"]
[BlackElo "2448"]
[WhiteTeam "CAN"]
[BlackTeam "POL"]
[WhiteClock "0:00:06"]
[BlackClock "0:00:01"]

1. e4 c5 2. Nf3 d6 3. d4 cxd4 4. Nxd4 Nf6 5. Nc3 a6 6. Bc4 e6 7. O-O b5 8. Bb3 Be7 9. f4 O-O 10. f5 e5 11. Nde2 Bb7 12. Ng3 Nbd7 13. Bg5 h6 14. Bxf6 Nxf6 15. Nh5 b4 16. Nxf6+ Bxf6 17. Nd5 Bxd5 18. Qxd5 Qb6+ 19. Kh1 a5 20. a4 Qc5 21. Rad1 Qxd5 22. Rxd5 Rfd8 23. Rfd1 Be7 24. Rb5 Rdb8 25. Rdd5 Rxb5 26. Rxb5 Ra7 27. Kg1 Bg5 28. Kf2 Kh7 29. Rb6 Bc1 30. Rxd6 Bxb2 31. f6 Bd4+ 32. Ke2 gxf6 33. Rxf6 Kg7 34. Rc6 f6 35. Kd3 Kg6 36. Bd5 Kg5 37. Rc8 Kg6 38. Rg8+ Rg7 39. Ra8 Ra7 40. Rc8 Rg7 41. Be6 Kg5 42. g3 h5 43. Kc4 h4 44. gxh4+ Kxh4 45. Rh8+ Kg5 46. Kb5 Kf4 47. Rh4+ Ke3 48. Kxa5 Rg2 49. Bb3 Bc3 50. Kb5 1-0

[Event "January 9 Early 2024"]
[Site "https://www.chess.com"]
[Date "2024.01.11"]
[Round "5"]
[White "Nikologorsky, Matfei"]
[Black "Kislinsky, Alexey"]
[Result "0-1"]
[Board "219"]
[TimeControl "180+1"]
[WhiteFideId "24102474"]
[BlackFideId "14108801"]
[WhiteElo "2466"]
[BlackElo "2740"]
[WhiteTeam "FID"]
[BlackTeam "CZE"]
[WhiteClock "0:00:04"]
[BlackClock "0:00:34"]

1. e4 c5 2. Nf3 Nc6 3. d4 cxd4 4. Nxd4 Nf6 5. Nc3 e5 6. Ndb5 d6 7. Bg5 a6 8. Bxf6 gxf6 9. Na3 b5 10. Nd5 f5 11. g3 fxe4 12. Bg2 Be6 13. Bxe4 Bg7 14. Qh5 Rc8 15. c3 Ne7 16. Rd1 Rc5 17. Nxe7 Qxe7 18. O-O d5 19. Bf5 Bxf5 20. Qxf5 Qe6 21. Qd3 O-O 22. Nc2 Rd8 23. Qe3 d4 24. Qe2 Rdc8 25. Nb4 dxc3 26. bxc3 Rxc3 27. Rfe1 a5 28. Nd5 R3c5 29. Ne3 e4 30. g4 h5 31. h3 hxg4 32. hxg4 Bc3 33. Rf1 Qg6 34. Kg2 b4 35. Rh1 Bf6 36. f4 exf3+ 37. Qxf3 Bg5 38. Nf5 Rc2+ 39. Kf1 Qa6+ 40. Kg1 Qb6+ 41. Kf1 Qb5+ 42. Kg1 Qc5+ 43. Kf1 Rc1 44. Kg2 Qc2+ 45. Kg3 Qc7+ 46. Kh3 Rc3 47. Rd3 Rxd3 48. Qxd3 Qc3 49. Rd1 Qxd3+ 50. Rxd3 Rc2 51. a3 Ra2 52. axb4 axb4 53. Nd4 Ra3 54. Rb3 Bf6 55. Rxa3 bxa3 56. Nc2 a2 57. g5 a1=Q 58. Nxa1 Bxa1 59. Kg4 Kg7 60. Kf5 Bb2 61. Kg4 Kg6 62. Kf4 Bc1+ 0-1

[Event "January 9 Early 2024"]
[Site "https://www.chess.com"]
[Date "2024.01.11"]
[Round "5"]
[White "Carre, Sylvain"]
[Black "Averchenko, Sergej"]
[Result "1-0"]
[Board "220"]
[TimeControl "180+1"]
[WhiteFideId "642118"]
[BlackFideId "4131533"]
[WhiteElo "2371"]
[BlackElo "1988"]
[WhiteTeam "FRA"]
[BlackTeam "RUS"]
[WhiteClock "0:00:11"]
[BlackClock "0:00:21"]

1. d4 d5 2. Bf4 c5 3. e3 Nc6 4. c3 Bf5 5. Nd2 e6 6. Ngf3 Qb6 7. Qb3 c4 8. Qxb6 axb6 9. a3 b5 10. Rc1 h6 11. h3 Nf6 12. g4 Bg6 13. Bg2 Be7 14. O-O O-O 15. Rfe1 Ne4 16. Nxe4 Bxe4 17. Nd2 Bxg2 18. Kxg2 f5 19. Bg3 Rad8 20. f3 Bd6 21. Bxd6 Rxd6 22. e4 fxg4 23. hxg4 e5 24. exd5 Rxd5 25. Ne4 exd4 26. cxd4 Rxd4 27. Rcd1 Rfd8 28. Rxd4 Rxd4 29. g5 h5 30. Kg3 Kf7 31. Kf4 Ne7 32. Ke5 Nc6+ 33. Kf4 g6 34. Ke3 Rd3+ 35. Kf4 Ne7 36. Kg3 Nf5+ 37. Kf4 h4 38. Rh1 Nd4 39. Nd6+ Ke6 40. Nxb7 Rxf3+ 41. Ke4 Rb3 42. Nc5+ Kd6 43. Nxb3 Nxb3 44. Rxh4 Nd2+ 45. Ke3 Nb3 46. Rh6 Ke5 47. Rxg6 Kf5 48. Rb6 Kxg5 49. Rxb5+ Kf6 50. Rxb3 cxb3 51. Kd4 Ke6 52. Kc4 Kd6 53. Kxb3 Kc5 54. a4 1-0

[Event "January 9 Early 2024"]
[Site "https://www.chess.com"]
[Date "2024.01.11"]
[Round "5"]
[White "Matinian, Nikita"]
[Black "Dominguez Perez, Leinier"]
[Result "0-1"]
[Board "221"]
[TimeControl "180+1"]
[WhiteFideId "24129100"]
[BlackFideId "3503240"]
[WhiteElo "2719"]
[BlackElo "2965"]
[WhiteTeam "FID"]
[BlackTeam "USA"]
[WhiteClock "0:00:01"]
[BlackClock "0:00:04"]

1. e4 c5 2. Nf3 d6 3. d4 cxd4 4. Nxd4 Nf6 5. Nc3 a6 6. h3 e6 7. g4 Be7 8. Be3 b5 9. g5 Nfd7 10. a3 Bb7 11. h4 Nc6 12. Nxc6 Bxc6 13. Qd4 O-O 14. O-O-O Rb8 15. h5 a5 16. g6 e5 17. Qd2 Nf6 18. h6 fxg6 19. hxg7 Rf7 20. Bh3 b4 21. Be6 bxc3 22. Qxc3 Bxe4 23. Rh4 Bf5 24. Bxf7+ Kxf7 25. Bg5 h5 26. Rc4 Ne4 27. Bxe7 Nxc3 28. Bxd8 Nxd1 29. Rc7+ Kg8 30. Bh4 Nxb2 31. Be7 Na4 32. Bxd6 Rc8 33. Rb7 Nc5 34. Ra7 Nd7 35. Kd2 Rxc2+ 36. Ke3 Kxg7 37. Bxe5+ Kf7 38. Bc7 Rc3+ 39. Kf4 Rxa3 40. Kg5 a4 41. Bd6 Rd3 42. Bg3 a3 43. Ra6 Be6 44. Ra7 a2 45. Kh6 Rd1 46. Be5 h4 47. Ra3 h3 48. Rf3+ Ke8 49. Bg7 h2 0-1

[Event "January 9 Early 2024"]
[Site "https://www.chess.com"]
[Date "2024.01.11"]
[Round "5"]
[White "Dyulgerov, Volen"]
[Black "Quirke, Jeffrey"]
[Result "0-1"]
[Board "222"]
[TimeControl "180+1"]
[WhiteFideId "2918978"]
[BlackFideId "2013029"]
[WhiteElo "2371"]
[BlackElo "2126"]
[WhiteTeam "BUL"]
[BlackTeam "USA"]
[WhiteClock "0:00:01"]
[BlackClock "0:00:07"]

1. e4 e6 2. d4 d5 3. exd5 exd5 4. Nf3 Nf6 5. c4 c6 6. Nc3 Be7 7. Bd3 O-O 8. O-O dxc4 9. Bxc4 Nbd7 10. Re1 Nb6 11. Bd3 Bg4 12. h3 Bh5 13. Bf4 Nbd5 14. Be5 Bd6 15. Ne4 Nxe4 16. Rxe4 Bg6 17. Rg4 Bxe5 18. Bxg6 Bh2+ 19. Kxh2 hxg6 20. Ne5 Nf6 21. Rh4 Qd5 22. Qd3 Rad8 23. Rd1 c5 24. Qg3 Qxa2 25. Rf4 Nh5 26. Nxg6 fxg6 27. Rxf8+ Rxf8 28. Qxg6 Qf7 29. Qxf7+ Rxf7 30. dxc5 Nf6 31. Rd8+ Kh7 32. Ra8 a6 33. Ra7 Rc7 34. c6 Rxc6 35. Rxb7 Nd5 36. g4 Kg6 37. Kg3 Rb6 38. Rxb6+ Nxb6 39. f4 a5 40. h4 a4 41. f5+ Kf6 42. Kf4 Nc4 43. g5+ Kf7 44. h5 Nxb2 45. g6+ Kg8 46. Kg5 a3 47. h6 gxh6+ 48. Kxh6 Nc4 49. f6 Ne5 50. g7 Nf7+ 51. Kg6 a2 0-1